 Dungeon Crawl Stone Soup version 0.28.0-53-g5a82cb258f (webtiles) character file.

Game seed: 43108402721110466

168 boopmooplesden the Slasher (level 5, -6/47 HPs)
             Began as a Minotaur Berserker on July 6, 2022.
             Was a Priest of Trog.
             Mangled by WANAX's ghost (9 damage)
             ... on level 3 of the Dungeon.
             The game lasted 00:03:29 (3317 turns).

boopmooplesden the Slasher (Minotaur Berserker)     Turns: 3317, Time: 00:03:30

Health: -6/47      AC:  3    Str: 21    XL:     5   Next: 23%
Magic:  4/4        EV: 12    Int:  4    God:    Trog [***...]
Gold:   119        SH:  0    Dex: 12    Spells: 4/4 levels left

rFire   . . .      SeeInvis .   a - +0 falchion (venom)
rCold   . . .      Faith    .   (no shield)
rNeg    . . .      Spirit   .   m - +0 leather armour
rPois   .          Reflect  .   (helmet restricted)
rElec   .          Harm     .   (no cloak)
rCorr   .          Rampage  .   (no gloves)
Will    .....                   (no boots)
Stlth   +.........              (no amulet)
HPRegen 0.15/turn               (no ring)
MPRegen 0.09/turn               (no ring)

@: about to teleport, on berserk cooldown, slowed, very slow
A: horns 2, retaliatory headbutt
a: Renounce Religion, Berserk, Trog's Hand


You were on level 3 of the Dungeon.
You worshipped Trog.
Trog was most pleased with you.
You visited 1 branch of the dungeon, and saw 4 of its levels.

You collected 119 gold pieces.

Inventory:

Hand Weapons
 a - a +0 falchion of venom (weapon)
Missiles
 c - 22 bolts
Armour
 b - a +0 animal skin
 m - a +0 leather armour (worn)
Wands
 d - a wand of charming (10)
 k - a wand of iceblast (9)
Scrolls
 f - a scroll of enchant weapon {unknown}
 g - a scroll of identify
 h - a scroll of noise {unknown}
 i - a scroll of teleportation
 j - a scroll of amnesia {unknown}
 l - a scroll of acquirement {unknown}
Potions
 e - a potion of magic


   Skills:
 + Level 4.8 Fighting
 + Level 5.5 Long Blades
 + Level 2.5 Armour
 + Level 3.4 Dodging
 + Level 0.6 Stealth


You had 4 spell levels left.
You didn't know any spells.
Your spell library was empty.

Dungeon Overview and Level Annotations

Branches:
Dungeon (4/15)
 Temple: D:4-7

Altars:

Shops:
D:1 =   D:4 (

Annotations:
D:3 WANAX's ghost, amateur HOBe


Innate Abilities, Weirdness & Mutations

You have a pair of horns on your head.
You reflexively headbutt those who attack you in melee.


Message History

The quokka simulacrum bites you but does no damage.
You slash the quokka simulacrum!
The quokka simulacrum vaporises!
Trog accepts your kill.
WANAX's ghost shouts, "To die, to sleep, no more."
WANAX's ghost hits you!
You barely miss WANAX's ghost. WANAX's ghost barely misses you. x2
You hit WANAX's ghost but do no damage. WANAX's ghost hits you!
WANAX's ghost barely misses you.
You hit WANAX's ghost but do no damage. WANAX's ghost hits you.
You hit WANAX's ghost but do no damage. Your headbutt misses WANAX's ghost.
WANAX's ghost barely misses you. x2
You hit WANAX's ghost.
WANAX's ghost is lightly damaged.
WANAX's ghost closely misses you.
You hit WANAX's ghost.
WANAX's ghost is lightly damaged.
WANAX's ghost closely misses you. x2; You furiously retaliate!
You headbutt WANAX's ghost. You closely miss WANAX's ghost.
WANAX's ghost is moderately damaged.
WANAX's ghost wails.
WANAX's ghost closely misses you.
You hit WANAX's ghost.
WANAX's ghost is heavily damaged.
WANAX's ghost whispers, "You will understand me better in a moment."
WANAX's ghost hits you! WANAX's ghost hits you.
* * * LOW HITPOINT WARNING * * *
You hit WANAX's ghost but do no damage. Your headbutt misses WANAX's ghost.
WANAX's ghost is heavily damaged.
WANAX's ghost hits you but does no damage.
You hit WANAX's ghost but do no damage. Your headbutt misses WANAX's ghost.
WANAX's ghost is heavily damaged.
WANAX's ghost closely misses you. WANAX's ghost hits you!
* * * LOW HITPOINT WARNING * * *
WANAX's ghost closely misses you.
As you read the scroll of teleportation, it crumbles to dust.
You feel strangely unstable. WANAX's ghost closely misses you.
WANAX's ghost hits you!
You die...

.......###...###.................
#####.##..Z....###..............#
......#...###....##.......###....
#.....#..# #....#..####.###..##
#.....#..# ..##...#...........<##
#...^.##.#...$#...'..###..###....
#......#...=.?#...'..# #.......##
#......#Z....##.W.'..###.......#
#####.##.....#..@.#............#
###.#.....##....#...#..#.#####
###...#...###....##.....#...#
......##....$...##.....#..#.#
.......# .....###..#..#..#..#
.#.....##.#####.........#...#
.#..#...###............#..#.#
##(...................#..#..#
###.#.#...#...).........#...#


You could see WANAX's ghost.

Vanquished Creatures
  An orc priest (D:3)
  2 adders
  A hound simulacrum (D:3)
  A worm (D:2)
  2 adder simulacra (D:3)
  2 dart slugs
  14 orcs
  8 endoplasms
  2 giant cockroaches
  5 goblins
  12 hobgoblins
  2 jackals (D:1)
  4 kobolds
  3 quokkas
  7 ball pythons
  5 bats
  6 frilled lizards
  A jackal simulacrum (D:3)
  2 quokka simulacra (D:3)
  6 rats
86 creatures vanquished.

Notes
Turn   | Place    | Note
-------+----------+-------------------------------------------
     0 | D:1      | boopmooplesden the Minotaur Berserker began the quest for
                  | the Orb.
     0 | D:1      | Reached XP level 1. HP: 19/19 MP: 0/0
    24 | D:1      | Reached XP level 2. HP: 22/27 MP: 1/1
    53 | D:1      | Reached skill level 4 in Long Blades
   244 | D:1      | Found Liebb's Jewellery Emporium.
   643 | D:1      | Reached ** piety under Trog
   802 | D:2      | Reached XP level 3. HP: 33/33 MP: 2/2
   880 | D:2      | Found a faded altar of an unknown god.
  1928 | D:3      | Reached XP level 4. HP: 41/41 MP: 3/3
  1957 | D:3      | Reached skill level 5 in Long Blades
  2069 | D:3      | You fall into a shaft and drop 1 floor!
  2069 | D:4      | Found Ribbuvoq's Antique Weapon Shop.
  2400 | D:3      | Reached *** piety under Trog
  2539 | D:3      | Found a runed translucent gate.
  2539 | D:3      | Found a runed translucent gate.
  2539 | D:3      | Found a runed translucent gate.
  2624 | D:3      | Reached XP level 5. HP: 37/47 MP: 4/4
  3168 | D:3      | Noticed WANAX's ghost (amateur HOBe)
  3314 | D:3      | HP: 2/47 [WANAX's ghost (12)]
  3317 | D:3      | Mangled by WANAX's ghost

Illustrated notes

Levels and vault maps discovered:
D:1:      scummos_arrival_checkerplants, layout_basic, serial_shops, shop
D:2:      layout_loops_corners, shapermc_ecumenical_altar_pompeii,
          grunt_ministairs_2, hangedman_decor_push
D:3:      layout_basic, gammafunk_ghost_icy, kennysheep_cross_room,
          interstate_on_off, minmay_misc_feat_diagonals,
          guppyfry_early_lair_pool
D:4:      layout_rooms, serial_shops, shop, solitary_fountain

Skill      XL: |  1  2  3  4 |
---------------+-------------+-----
Fighting       | 4 |  4.8
Long Blades    | 4 5 |  5.5
Dodging        | 3 |  3.4
Armour         | |  2.5
Stealth        | |  0.6

Action                   |  1- 3 |  4- 6 || total
-------------------------+-------+-------++-------
Melee: Falchion          |    74 |    75 ||   149
       Headbutt          |    10 |    11 ||    21
       Punch             |       |     2 ||     2
Invok: Berserk           |       |     1 ||     1
  Use: Scroll            |     4 |     2 ||     6
       Potion            |       |     2 ||     2
 Stab: Sleeping          |       |     1 ||     1
Armor: Animal skin       |    11 |     5 ||    16
       Leather armour    |       |     2 ||     2
Dodge: Dodged            |    51 |    49 ||   100
